[ PARTIDA AOE2 · #505617391 ]
UnrankedJaponeses vs Hindustanis
Equipo del jugador · DERR
[ ANÁLISIS DE REPETICIÓN · EXTRAÍDO DE LA PARTIDA GRABADA ]
Feudal
9:03
Castillos
28:23
Imperial
—
| APM promedio | 66.5 |
| APM pico | 103 |
| eAPM promedio | 25.6 |
| Aldeanos / militares | 176 / 135 |
Foco
⚔️ 35.6% · 🌾 64.4%
Samurai ×38 · Skirmisher ×35 · Militia ×21 · Battering Ram ×20 · Cavalry Archer ×11 · Mangonel ×4
Feudal
9:16
Castillos
24:00
Imperial
39:30
| APM promedio | 62.1 |
| APM pico | 114 |
| eAPM promedio | 27.3 |
| Aldeanos / militares | 132 / 101 |
Foco
⚔️ 28.8% · 🌾 71.2%
Cavalry Archer ×47 · Archer ×37 · Scout Cavalry ×9 · Mangonel ×4 · Trebuchet (Packed) ×3 · Skirmisher ×1
Mapa de la partida
Recursos iniciales + cada clic de construcción. Líneas = muros · curvas = relieve. ◆ oro · ⬟ piedra · ● bayas · ✦ reliquia · ◌ hueco del cierre
Tu base· Abierta — flanco sin cerrar
Base de ITA | MarknighT· Abierta — flanco sin cerrar
Terreno inicial suavizado · ◌ = hueco del cierre detectado · pasá el cursor para detalles
Inputs por minuto
— 新竹 - - ITA | MarknighT
Build order — 新竹
Primeras 150 de 409 acciones detectadas
| 0:00 | Encolar | Villager (Male) |
| 0:01 | Encolar | Villager (Male) |
| 0:01 | Encolar | Villager (Male) |
| 0:02 | Construir | House |
| 0:03 | Construir | House |
| 0:14 | Encolar | Villager (Male) |
| 0:14 | Encolar | Villager (Male) |
| 1:32 | Encolar | Villager (Male) |
| 1:32 | Encolar | Villager (Male) |
| 2:01 | Encolar | Villager (Male) |
| 2:01 | Encolar | Villager (Male) |
| 2:02 | Encolar | Villager (Male) |
| 2:20 | Encolar | Villager (Male) |
| 2:20 | Encolar | Villager (Male) |
| 2:20 | Encolar | Villager (Male) |
| 2:55 | Encolar | Villager (Male) |
| 2:55 | Encolar | Villager (Male) |
| 2:55 | Encolar | Villager (Male) |
| 3:01 | Construir | Lumber Camp |
| 3:06 | Construir | House |
| 3:31 | Encolar | Villager (Male) |
| 3:31 | Encolar | Villager (Male) |
| 4:04 | Encolar | Villager (Male) |
| 4:04 | Encolar | Villager (Male) |
| 4:05 | Encolar | Villager (Male) |
| 4:05 | Encolar | Villager (Male) |
| 4:14 | Construir | House |
| 4:49 | Encolar | Villager (Male) |
| 4:49 | Encolar | Villager (Male) |
| 5:20 | Encolar | Villager (Male) |
| 5:25 | Encolar | Villager (Male) |
| 5:26 | Encolar | Villager (Male) |
| 5:31 | Construir | Mining Camp |
| 5:34 | Construir | Palisade Wall |
| 5:35 | Construir | Palisade Wall |
| 5:40 | Encolar | Villager (Male) |
| 5:41 | Encolar | Villager (Male) |
| 6:01 | Encolar | Villager (Male) |
| 6:01 | Encolar | Villager (Male) |
| 6:19 | Investigar | Loom |
| 6:19 | Investigar | Loom |
| 6:19 | Investigar | Loom |
| 6:53 | Investigar | Feudal Age |
| 6:53 | Investigar | Feudal Age |
| 8:26 | Construir | Mill |
| 8:38 | Construir | Barracks |
| 9:03 | Edad | Edad Feudal |
| 9:05 | Encolar | Villager (Male) |
| 9:05 | Encolar | Villager (Male) |
| 9:06 | Encolar | Villager (Male) |
| 9:07 | Encolar | Militia ×3 |
| 9:08 | Encolar | Militia ×3 |
| 9:08 | Encolar | Militia ×3 |
| 9:15 | Construir | Palisade Wall |
| 9:30 | Construir | Palisade Wall |
| 9:32 | Construir | Palisade Wall |
| 9:47 | Construir | Palisade Wall |
| 9:52 | Investigar | Man-at-Arms (upgrade) |
| 9:52 | Investigar | Man-at-Arms (upgrade) |
| 10:22 | Construir | Archery Range |
| 10:23 | Encolar | Villager (Male) |
| 10:23 | Encolar | Villager (Male) |
| 10:27 | Encolar | Villager (Male) |
| 10:27 | Encolar | Villager (Male) |
| 10:29 | Construir | House |
| 10:31 | Construir | House |
| 10:31 | Construir | Palisade Wall |
| 10:35 | Encolar | Villager (Male) |
| 10:35 | Encolar | Villager (Male) |
| 11:04 | Encolar | Skirmisher |
| 11:04 | Encolar | Skirmisher |
| 11:04 | Encolar | Skirmisher |
| 11:14 | Investigar | Double-Bit Axe |
| 11:14 | Investigar | Double-Bit Axe |
| 11:14 | Investigar | Double-Bit Axe |
| 11:15 | Encolar | Villager (Male) |
| 11:15 | Encolar | Villager (Male) |
| 11:15 | Encolar | Villager (Male) |
| 11:15 | Encolar | Villager (Male) |
| 11:23 | Encolar | Skirmisher |
| 11:23 | Encolar | Skirmisher |
| 11:44 | Encolar | Skirmisher |
| 11:55 | Construir | Watch Tower |
| 12:22 | Encolar | Skirmisher |
| 12:23 | Encolar | Villager (Male) |
| 12:23 | Encolar | Villager (Male) |
| 12:23 | Encolar | Villager (Male) |
| 12:24 | Encolar | Villager (Male) |
| 12:27 | Construir | Blacksmith |
| 12:56 | Encolar | Skirmisher |
| 12:57 | Encolar | Villager (Male) |
| 12:57 | Encolar | Villager (Male) |
| 12:58 | Encolar | Villager (Male) |
| 12:58 | Encolar | Villager (Male) |
| 12:59 | Construir | Farm |
| 13:00 | Construir | Farm |
| 13:20 | Encolar | Villager (Male) |
| 13:21 | Construir | Farm |
| 13:30 | Construir | Watch Tower |
| 13:38 | Encolar | Villager (Male) |
| 13:38 | Encolar | Villager (Male) |
| 13:39 | Encolar | Villager (Male) |
| 13:39 | Encolar | Villager (Male) |
| 13:41 | Construir | Farm |
| 14:11 | Construir | Farm |
| 14:14 | Construir | Farm |
| 14:23 | Construir | Farm |
| 14:29 | Investigar | Fletching |
| 14:29 | Investigar | Fletching |
| 14:30 | Encolar | Villager (Male) |
| 14:30 | Encolar | Villager (Male) |
| 14:30 | Encolar | Villager (Male) |
| 14:31 | Encolar | Villager (Male) |
| 14:35 | Construir | House |
| 14:39 | Construir | Mining Camp |
| 14:51 | Encolar | Villager (Male) |
| 14:51 | Encolar | Villager (Male) |
| 14:52 | Encolar | Villager (Male) |
| 14:52 | Encolar | Villager (Male) |
| 15:10 | Encolar | Villager (Male) |
| 15:10 | Encolar | Villager (Male) |
| 15:10 | Encolar | Villager (Male) |
| 15:22 | Encolar | Villager (Male) |
| 15:22 | Encolar | Villager (Male) |
| 15:47 | Encolar | Skirmisher |
| 15:48 | Encolar | Skirmisher |
| 15:50 | Encolar | Villager (Male) |
| 15:50 | Encolar | Villager (Male) |
| 15:51 | Encolar | Villager (Male) |
| 16:10 | Construir | Farm |
| 16:12 | Construir | Farm |
| 16:29 | Encolar | Villager (Male) |
| 16:59 | Construir | House |
| 17:00 | Construir | House |
| 17:02 | Construir | House |
| 17:08 | Encolar | Skirmisher |
| 17:09 | Encolar | Skirmisher |
| 17:09 | Encolar | Skirmisher |
| 17:09 | Encolar | Skirmisher |
| 17:24 | Construir | Farm |
| 17:29 | Encolar | Villager (Male) |
| 17:29 | Encolar | Villager (Male) |
| 17:47 | Encolar | Militia |
| 17:47 | Encolar | Militia |
| 17:47 | Encolar | Militia |
| 18:04 | Encolar | Villager (Male) |
| 18:04 | Encolar | Villager (Male) |
| 18:10 | Encolar | Skirmisher |
| 18:18 | Encolar | Villager (Male) |
| 18:18 | Encolar | Villager (Male) |
Build order — ITA | MarknighT
Primeras 150 de 414 acciones detectadas
| 0:01 | Encolar | Villager (Male) |
| 0:02 | Construir | House |
| 0:03 | Construir | House |
| 0:05 | Encolar | Villager (Male) |
| 0:07 | Encolar | Villager (Male) |
| 0:12 | Encolar | Villager (Male) |
| 1:02 | Encolar | Villager (Male) |
| 1:03 | Encolar | Villager (Male) |
| 1:29 | Encolar | Villager (Male) |
| 1:59 | Construir | Lumber Camp |
| 2:25 | Encolar | Villager (Male) |
| 2:49 | Encolar | Villager (Male) |
| 2:49 | Encolar | Villager (Male) |
| 3:10 | Encolar | Villager (Male) |
| 3:55 | Construir | House |
| 4:07 | Encolar | Villager (Male) |
| 4:07 | Encolar | Villager (Male) |
| 4:28 | Encolar | Villager (Male) |
| 4:28 | Encolar | Villager (Male) |
| 4:37 | Encolar | Villager (Male) |
| 4:37 | Encolar | Villager (Male) |
| 5:33 | Construir | Barracks |
| 5:45 | Encolar | Villager (Male) |
| 6:12 | Construir | House |
| 6:35 | Construir | Palisade Wall |
| 6:41 | Investigar | Loom |
| 6:48 | Construir | Palisade Wall |
| 7:05 | Investigar | Feudal Age |
| 7:05 | Investigar | Feudal Age |
| 7:10 | Construir | Palisade Wall |
| 7:11 | Construir | Palisade Wall |
| 7:23 | Construir | Mining Camp |
| 7:27 | Construir | Palisade Wall |
| 8:01 | Construir | Palisade Wall |
| 9:04 | Construir | House |
| 9:06 | Construir | Palisade Wall |
| 9:10 | Construir | Palisade Wall |
| 9:10 | Construir | House |
| 9:16 | Edad | Edad Feudal |
| 9:18 | Encolar | Villager (Male) |
| 9:18 | Encolar | Villager (Male) |
| 9:20 | Construir | Archery Range |
| 10:09 | Encolar | Villager (Male) |
| 10:12 | Encolar | Archer |
| 10:12 | Encolar | Archer |
| 10:20 | Construir | Mining Camp |
| 10:39 | Construir | Palisade Gate |
| 10:45 | Encolar | Villager (Male) |
| 10:51 | Encolar | Archer |
| 10:55 | Encolar | Villager (Male) |
| 11:00 | Construir | Mill |
| 11:10 | Investigar | Double-Bit Axe |
| 11:10 | Investigar | Double-Bit Axe |
| 11:32 | Encolar | Villager (Male) |
| 11:36 | Construir | Watch Tower |
| 11:46 | Construir | Farm |
| 11:53 | Encolar | Villager (Male) |
| 11:53 | Encolar | Archer |
| 12:07 | Construir | Palisade Wall |
| 12:21 | Encolar | Archer |
| 12:21 | Encolar | Archer |
| 12:23 | Encolar | Villager (Male) |
| 12:46 | Encolar | Villager (Male) |
| 12:58 | Construir | Palisade Wall |
| 13:00 | Encolar | Villager (Male) |
| 13:02 | Encolar | Archer |
| 13:04 | Construir | Farm |
| 13:04 | Construir | Farm |
| 13:07 | Construir | Farm |
| 13:09 | Construir | Farm |
| 13:10 | Construir | Farm |
| 13:19 | Construir | House |
| 13:23 | Construir | Farm |
| 13:26 | Construir | Farm |
| 13:31 | Construir | Farm |
| 13:48 | Construir | Watch Tower |
| 14:02 | Encolar | Villager (Male) |
| 14:04 | Construir | Farm |
| 14:16 | Encolar | Archer |
| 14:22 | Construir | Palisade Wall |
| 14:36 | Encolar | Villager (Male) |
| 14:48 | Encolar | Archer |
| 14:56 | Encolar | Villager (Male) |
| 14:56 | Encolar | Villager (Male) |
| 15:10 | Construir | House |
| 15:55 | Encolar | Archer |
| 15:57 | Construir | Blacksmith |
| 16:15 | Encolar | Villager (Male) |
| 16:16 | Encolar | Villager (Male) |
| 16:23 | Encolar | Villager (Male) |
| 16:32 | Encolar | Archer |
| 17:04 | Construir | Lumber Camp |
| 17:10 | Investigar | Fletching |
| 17:11 | Investigar | Fletching |
| 17:12 | Encolar | Archer |
| 17:12 | Encolar | Archer |
| 17:26 | Construir | House |
| 17:29 | Encolar | Villager (Male) |
| 17:34 | Construir | Outpost |
| 17:40 | Encolar | Archer |
| 17:52 | Construir | Farm |
| 17:53 | Construir | Farm |
| 18:04 | Construir | Farm |
| 18:11 | Construir | House |
| 18:12 | Construir | House |
| 18:19 | Encolar | Villager (Male) |
| 18:22 | Encolar | Archer |
| 18:24 | Construir | Farm |
| 18:41 | Construir | Farm |
| 18:55 | Encolar | Villager (Male) |
| 18:55 | Encolar | Villager (Male) |
| 18:56 | Encolar | Archer |
| 18:59 | Construir | Farm |
| 19:01 | Construir | Farm |
| 19:14 | Construir | House |
| 19:47 | Construir | Watch Tower |
| 19:49 | Encolar | Villager (Male) |
| 19:52 | Encolar | Villager (Male) |
| 19:59 | Construir | Farm |
| 20:01 | Encolar | Villager (Male) |
| 20:03 | Construir | Market |
| 20:40 | Construir | Watch Tower |
| 20:58 | Construir | House |
| 20:59 | Construir | Palisade Wall |
| 21:20 | Investigar | Castle Age |
| 21:20 | Investigar | Castle Age |
| 21:22 | Encolar | Archer |
| 21:35 | Construir | Palisade Gate |
| 21:38 | Construir | House |
| 21:45 | Construir | House |
| 21:56 | Encolar | Villager (Male) |
| 22:06 | Construir | Watch Tower |
| 22:09 | Encolar | Villager (Male) |
| 22:21 | Investigar | Horse Collar |
| 22:22 | Construir | Farm |
| 22:23 | Investigar | Gold Mining |
| 22:25 | Encolar | Archer |
| 22:25 | Encolar | Archer |
| 22:54 | Construir | House |
| 23:43 | Encolar | Villager (Male) |
| 23:46 | Encolar | Archer |
| 23:57 | Encolar | Archer |
| 24:00 | Edad | Edad de los Castillos |
| 24:05 | Investigar | Crossbowman (upgrade) |
| 24:07 | Investigar | Bodkin Arrow |
| 24:33 | Encolar | Villager (Male) |
| 24:37 | Construir | Siege Workshop |
| 24:42 | Encolar | Archer |
| 25:07 | Investigar | Padded Archer Armor |
| 25:08 | Investigar | Padded Archer Armor |
Cronología de la partida
| 5:33 | ITA | MarknighT · first_building Barracks |
| 5:34 | 新竹 · wall_segment Palisade Wall x1 |
| 5:35 | 新竹 · wall_segment Palisade Wall x1 |
| 6:35 | ITA | MarknighT · wall_segment Palisade Wall x3 |
| 6:48 | ITA | MarknighT · wall_segment Palisade Wall x4 |
| 7:10 | ITA | MarknighT · wall_segment Palisade Wall x4 |
| 7:11 | ITA | MarknighT · wall_segment Palisade Wall x3 |
| 7:27 | ITA | MarknighT · wall_segment Palisade Wall x13 |
| 8:01 | ITA | MarknighT · wall_segment Palisade Wall x5 |
| 8:38 | 新竹 · first_building Barracks |
| 9:03 | 新竹 · age_up feudal |
| 9:06 | ITA | MarknighT · wall_segment Palisade Wall x1 |
| 9:10 | ITA | MarknighT · wall_segment Palisade Wall x1 |
| 9:15 | 新竹 · wall_segment Palisade Wall x2 |
| 9:16 | ITA | MarknighT · age_up feudal |
| 9:20 | ITA | MarknighT · first_building Archery Range |
| 9:30 | 新竹 · wall_segment Palisade Wall x2 |
| 9:32 | 新竹 · wall_segment Palisade Wall x4 |
| 9:47 | 新竹 · wall_segment Palisade Wall x4 |
| 10:22 | 新竹 · first_building Archery Range |
| 10:31 | 新竹 · wall_segment Palisade Wall x1 |
| 12:07 | ITA | MarknighT · wall_segment Palisade Wall x1 |
| 12:58 | ITA | MarknighT · wall_segment Palisade Wall x1 |
| 14:22 | ITA | MarknighT · wall_segment Palisade Wall x1 |
| 20:59 | ITA | MarknighT · wall_segment Palisade Wall x1 |
| 22:18 | ITA | MarknighT · first_market_sell 100 wood |
| 24:00 | ITA | MarknighT · age_up castle |
| 24:18 | 新竹 · wall_segment Palisade Wall x3 |
| 24:19 | 新竹 · wall_segment Palisade Wall x3 |
| 24:22 | 新竹 · wall_segment Palisade Wall x3 |
| 24:23 | 新竹 · wall_segment Palisade Wall x2 |
| 24:37 | ITA | MarknighT · first_building Siege Workshop |
| 25:35 | 新竹 · first_market_buy 100 food |
| 25:37 | 新竹 · first_market_sell 100 wood |
| 26:37 | ITA | MarknighT · first_market_buy 100 wood |
| 28:23 | 新竹 · age_up castle |
| 29:14 | 新竹 · first_building Siege Workshop |
| 31:48 | ITA | MarknighT · first_building Stable |
| 34:19 | 新竹 · first_building Castle |
| 34:45 | ITA | MarknighT · first_building Castle |
| 37:58 | 新竹 · first_building Stable |
| 38:50 | ITA | MarknighT · wall_segment Stone Wall x1 |
| 38:52 | ITA | MarknighT · wall_segment Stone Wall x1 |
| 39:30 | ITA | MarknighT · age_up imperial |
| 40:40 | ITA | MarknighT · wall_segment Stone Wall x3 |
| 40:53 | ITA | MarknighT · first_building Monastery |
| 45:58 | 新竹 · resign |
[ ANÁLISIS IA · 1 CRÉDITO ]
¿Qué pasó realmente en esta partida?
Wolo.gg analiza cada decisión: build order, eco, micro, errores típicos por bracket. Análisis personalizado por WhatsApp o Discord en 30 segundos.
Guía civ
Japoneses
Perfil
Jugador #14547856